 Dungeon Crawl Stone Soup version 0.26-a0-1147-g3780a7a11b (webtiles) character file.

Game seed: 5586603760835715708

16 Zonian the Gusty (level 2, -3/15 HPs)
             Began as a Tengu Air Elementalist on Dec 22, 2020.
             Slain by a gnoll
             ... wielding a +0 flail
              (11 damage)
             ... on level 1 of the Dungeon.
             The game lasted 00:01:36 (598 turns).

Zonian the Gusty (Tengu Air Elementalist)            Turns: 598, Time: 00:01:37

Health: -3/15      AC:  2    Str:  8    XL:     2   Next: 58%
Magic:  3/6        EV: 13    Int: 15    God:
Gold:   38         SH:  0    Dex: 14    Spells: 4/5 levels left

rFire    . . .     SeeInvis .   l - +1 short sword (protect)
rCold    . . .     Faith    .   (no shield)
rNeg     . . .     Spirit   .   a - +0 robe
rPois    .         Reflect  .   (helmet restricted)
rElec    .         Harm     .   (no cloak)
rCorr    .         Rampage  .   (no gloves)
Will     .....                  (boots unavailable)
Stlth    ++........             (no amulet)
HPRegen  0.05/turn              (no ring)
MPRegen  0.10/turn              (no ring)

@: very slightly contaminated
A: beak, talons 3
a: no special abilities


You were on level 1 of the Dungeon.
You visited 1 branch of the dungeon, and saw 1 of its levels.

You collected 38 gold pieces.

Inventory:

Hand Weapons
 e - a +0 short sword
 l - a +1 short sword of protection (weapon)
Armour
 a - a +0 robe (worn)
 k - a +0 pair of gloves
Jewellery
 c - an uncursed ring of magical power {unknown}
Scrolls
 d - a scroll of teleportation {unknown}
 g - a scroll of enchant weapon {unknown}
 i - a scroll of identify {unknown}
 j - a scroll of noise {unknown}
 m - a scroll of fog {unknown}
Potions
 b - a potion of berserk rage {unknown}
 f - 2 potions of haste {unknown}
 h - a potion of brilliance {unknown}
 n - a potion of lignification {unknown}


   Skills:
 + Level 2.3 Dodging
 + Level 2.0 Stealth
 + Level 2.2 Spellcasting
 + Level 1.5 Conjurations
 + Level 4.6 Air Magic


You had 4 spell levels left.
You knew the following spells:

 Your Spells              Type           Power        Failure   Level
a - Shock                 Conj/Air       40%          6%          1

Your spell library contained the following spells:

 Spells                   Type           Power        Failure   Level
 Swiftness                Air            15%          4%          2
 Static Discharge         Conj/Air       10%          19%         3
 Airstrike                Air            7%           32%         4
 Lightning Bolt           Conj/Air       5%           86%         5


Dungeon Overview and Level Annotations

Branches:
Dungeon (1/15)

Altars:


Innate Abilities, Weirdness & Mutations

You have a beak for a mouth.
You have claws for feet.


Message History

m - a scroll labelled YDOOSU BYTU Unknown command.
n - an amethyst potion
There is a stone staircase leading down here.
You now have 38 gold pieces (gained 11).
Found 7 javelins.
Unknown command.
A gnoll comes into view. It is wielding a +0 flail.
You see here 7 javelins.
You miscast Shock.
You are very lightly contaminated with residual magic.
Nothing appears to happen.
The gnoll shouts!
The gnoll misses you.
The zap hits the gnoll.
The gnoll is moderately wounded.
The gnoll hits you with a +0 flail!
The zap misses the gnoll.
The gnoll hits you with a +0 flail!
Ouch! That really hurt!
You die...

...# ..## #.# ...#
#.# ##.# #.# ##.## #
#.# #..### .# #.#
##...# ###.######.#
###.###......g...#
#.....######@..#
##.#..##..###..#
######.##......###.#
.......##...#..)##.#
.......##..##....#.#
..........##.##..#.##
......##..#.##..##..#
.....)##..###...##..#
......##............#


You could see a gnoll.

Vanquished Creatures
  An ooze (D:1)
  A dart slug (D:1)
  A giant cockroach (D:1)
  A goblin (D:1)
  2 hobgoblins (D:1)
  A ball python (D:1)
  A frilled lizard (D:1)
  3 kobolds (D:1)
11 creatures vanquished.

Notes
Turn   | Place    | Note
-------+----------+-------------------------------------------
     0 | D:1      | Zonian the Tengu Air Elementalist began the quest for the
                  | Orb.
     0 | D:1      | Reached XP level 1. HP: 10/10 MP: 4/4
   113 | D:1      | Reached XP level 2. HP: 12/15 MP: 0/6
   598 | D:1      | Slain by a gnoll

Illustrated notes

Levels and vault maps discovered:
D:1:      dpeg_arrival_simpleton_c, layout_rooms, nrook_mini_backslash,
          minmay_cupped

Action                   || total
-------------------------++-------
 Cast: Shock             ||    27
Armor: Robe              ||     3
Dodge: Dodged            ||     8

Table legend: (Time is in decaauts)
 A = Elapsed time spent in this place.
 B = Non-inter-level travel time spent in this place.
 C = Inter-level travel time spent in this place.
 D = Time resting spent in this place.
 E = Time spent auto-exploring this place.
 F = Levels seen in this place.
 G = Mean time per level.
                   A        B        C        D        E       F      G
               +--------+--------+--------+--------+--------+-----+--------+
         Total |    597 |    597 |      0 |    240 |    176 |   1 |  597.0 |
       Dungeon |    597 |    597 |      0 |    240 |    176 |   1 |  597.0 |
               +--------+--------+--------+--------+--------+-----+--------+

Top non-repeatable levels by time:
     D:1: 597 daAuts
